 Dungeon Crawl Stone Soup version 0.27.0-1-g7a089689b8 (webtiles) character file.

Game seed: 5212581768199445357

38 Ozzies the Skirmisher (level 3, 0/32 HPs)
             Began as a Palentonga Monk on Aug 1, 2021.
             Slain by a ball python (3 damage)
             ... on level 2 of the Dungeon.
             The game lasted 00:01:11 (1431 turns).

Ozzies the Skirmisher (Palentonga Monk)             Turns: 1431, Time: 00:01:12

Health: 0/32       AC:  4    Str: 15    XL:     3   Next: 25%
Magic:  3/3        EV: 10    Int: 10    God:
Gold:   38         SH:  0    Dex: 12    Spells: 2/2 levels left

rFire    . . .     SeeInvis +     - Unarmed
rCold    . . .     Faith    .   (no shield)
rNeg     . . .     Spirit   .   a - +0 robe
rPois    .         Reflect  .   (no helmet)
rElec    .         Harm     .   (no cloak)
rCorr    .         Rampage  .   (no gloves)
Will     .....                  (no barding)
Stlth    ++........             (no amulet)
HPRegen  0.10/turn              (no ring)
MPRegen  0.08/turn              (no ring)

@: no status effects
A: large, rugged brown scales 3, see invisible, deformed body, roll 1, armoured
tail
a: Rolling Charge


You were on level 2 of the Dungeon.
You visited 1 branch of the dungeon, and saw 2 of its levels.

You collected 38 gold pieces.

Inventory:

Missiles
 c - 22 stones
Armour
 a - a +0 robe (worn)
Scrolls
 d - a scroll of silence {unknown}
Potions
 b - a potion of magic {unknown}
 e - a potion of mutation


   Skills:
 * Level 4.0 Fighting
 - Level 2.4 Dodging
 - Level 1.2 Stealth
 + Level 3.4 Unarmed Combat


You had 2 spell levels left.
You didn't know any spells.
Your spell library was empty.

Dungeon Overview and Level Annotations

Branches:
Dungeon (2/15)

Altars:


Innate Abilities, Weirdness & Mutations

You are completely covered in rugged brown scales. (AC +3, +7% HP)
You have supernaturally acute eyesight. (SInv)
Armour fits poorly on your strangely shaped body.
You can roll at nearby foes to attack.
You have a long armoured tail.


Message History

No target in view!
No target in view!
No target in view!
No target in view!
No target in view!
No target in view!
No target in view!
A jackal comes into view.
The jackal barks!
You hear a bark!
You hear an angry hiss.
A jackal comes into view.
There are monsters nearby!
There are monsters nearby!
There are monsters nearby!
An adder comes into view.
A ball python comes into view.
A jackal comes into view.
The jackal closely misses you.
The jackal barks!
The ball python hisses angrily.
You hit the jackal but do no damage. The jackal barely misses you.
You hit the jackal.
The jackal is severely wounded.
The jackal bites you but does no damage.
The jackal completely misses you. The jackal bites you.
You hit the jackal.
You kill the jackal!
The jackal bites you but does no damage.
You hit the jackal but do no damage.
You tail-slap the jackal, but do no damage.
The jackal closely misses you. The adder bites you but does no damage.
You hit the adder.
The adder is heavily wounded.
The jackal barely misses you. The jackal bites you.
The adder closely misses you. The jackal bites you.
You miss the adder.
The adder is heavily wounded.
The jackal bites you but does no damage.
The adder bites you. The jackal barely misses you. x2
You hit the adder.
Your tail-slap misses the adder.
The adder is heavily wounded.
The adder barely misses you. The jackal closely misses you.
The ball python closely misses you. The jackal bites you. The adder misses you.
You closely miss the adder.
Your tail-slap misses the adder.
The adder is heavily wounded.
The jackal completely misses you. The jackal bites you.
The ball python barely misses you. The jackal bites you.
The adder barely misses you.
You are too injured to fight recklessly!
You are too injured to fight recklessly!
You are too injured to fight recklessly!
You are too injured to fight recklessly!
You are too injured to fight recklessly!
You are too injured to fight recklessly!
You are too injured to fight recklessly!
You are too injured to fight recklessly!
You are too injured to fight recklessly!
You are too injured to fight recklessly!
You are too injured to fight recklessly!
You are too injured to fight recklessly!
You are too injured to fight recklessly!
You are too injured to fight recklessly!
You are too injured to fight recklessly!
You are too injured to fight recklessly!
You are too injured to fight recklessly!
Unknown command.
You are too injured to fight recklessly!
The jackal bites you but does no damage.
The jackal barely misses you. The jackal bites you.
The jackal bites you but does no damage.
You miss the adder.
The adder is heavily wounded.
The jackal bites you but does no damage.
You hit the adder.
You kill the adder!
The jackal bites you. x2; The jackal barely misses you.
Your Fighting skill increases to level 4!
You have reached level 3!
Your experience leads to an increase in your attributes!
Increase (s)trength, (i)ntelligence, or (d)exterity?
You feel stronger.
You barely miss the jackal. The jackal barely misses you.
A ball python comes into view.
The jackal closely misses you. The ball python barely misses you.
The jackal completely misses you.
You hit the jackal but do no damage.
The jackal bites you but does no damage.
The ball python bites you but does no damage.
The jackal bites you.
* * * LOW HITPOINT WARNING * * *
You hit the jackal but do no damage. The jackal barely misses you.
The ball python misses you. The jackal barely misses you. The jackal bites you.
* * * LOW HITPOINT WARNING * * *
You completely miss the jackal. You tail-slap the jackal.
You kill the jackal!
The ball python completely misses you. The jackal closely misses you.
The ball python barely misses you.
You closely miss the jackal. The jackal bites you.
* * * LOW HITPOINT WARNING * * *
The ball python bites you but does no damage.
The ball python bites you.
You die...

....... .. .
.....# #.#. ....#
#... ....###
#..####.......
#.#..#..........
#.#..+.......... #
#.#..#S.........
#.
#.#..@S?....####
.. #.#..#h..####
#.#.##.#..#...#
.............#...#
.............#####
......###.###
.....#...#
#....#.###
#...##.#


You could see a jackal and 2 ball pythons.

Vanquished Creatures
  An adder (D:2)
  3 ball pythons (D:1)
  4 endoplasms
  A giant cockroach (D:1)
  A goblin (D:1)
  7 jackals
  2 quokkas (D:1)
  3 frilled lizards (D:1)
  2 rats (D:1)
24 creatures vanquished.

Notes
Turn   | Place    | Note
-------+----------+-------------------------------------------
     0 | D:1      | Ozzies the Palentonga Monk began the quest for the Orb.
     0 | D:1      | Reached XP level 1. HP: 19/19 MP: 1/1
   381 | D:1      | Reached XP level 2. HP: 24/25 MP: 2/2
   955 | D:1      | Found a faded altar of an unknown god.
  1427 | D:2      | Reached skill level 4 in Fighting
  1427 | D:2      | Reached XP level 3. HP: 10/32 MP: 3/3
  1431 | D:2      | Slain by a ball python

Illustrated notes

Levels and vault maps discovered:
D:1:      psy_arrival_dodecagon, layout_basic, serial_forest,
          infiniplex_forest_clump_double, infiniplex_forest_straight_3,
          infiniplex_forest_straight_2, infiniplex_forest_end_2,
          infiniplex_forest_clump_small, infiniplex_forest_end_2,
          infiniplex_forest_end_2, infiniplex_forest_clump_medium,
          ebering_ecumenical_altar_box, minivault_23, st_stairs_1,
          grunt_decor_junction
D:2:      layout_basic, minmay_misc_feat_x, kennysheep_generic_room_3

Skill      XL: |  1  2 |
---------------+-------+-----
Fighting       | 4 |  4.0
Dodging        | |  2.4
Stealth        | |  1.2
Unarmed Combat | |  3.4

Action                   || total
-------------------------++-------
Melee: Unarmed           ||    70
       Tailslap          ||     6
  Use: Scroll            ||     3
 Stab: Sleeping          ||     4
Armor: Robe              ||    20
Dodge: Dodged            ||    52
